Map: Lerilak Crest

Players

Apocalypse

  • Race: Terran Terran

LiquidMaNa (MaNa) - Winner!

  • Race: Protoss Protoss

VOD

Have the link to the VOD?

Description

Time

  • Played on: Dec. 14, 2015, 4:31 p.m.
  • Length: 10:46
Show
View Real Time Build Order
Export as new Build Order

Apocalypse Terran 

Build Orders: Liberator Opening, Reaper Expand, MMM Bio 

Get SALT Encoding   

  12  0:01  SCV  
  13  0:13  SCV  
  14  0:17  Supply Depot  
  14  0:25  SCV  
  15  0:39  SCV  
  15  0:40  Barracks  
  16  0:44  Refinery  
  16  0:52  SCV  
  17  1:04  SCV  
  18  1:16  SCV  
  19  1:27  Reaper  
  19  1:28  Orbital Command  
  20  1:45  Command Center  
  20  1:55  Supply Depot  
  20  1:56  SCV  
  20  2:00  Barracks Reactor  
  21  2:07  Refinery  
  21  2:08  SCV  
  22  2:20  SCV  
  23  2:24  Factory  
  23  2:32  SCV  
  23  2:36  Marine x2  
  26  2:43  Bunker  
  26  2:46  SCV  
  27  2:57  Marine x2  
  29  3:01  Orbital Command  
  29  3:02  SCV  
  30  3:10  Factory Tech Lab  
  30  3:14  Marine  
  30  3:15  Starport, Marine  
  32  3:28  SCV  
  32  3:30  SCV  
  32  3:31  Supply Depot  
  34  3:34  Siege Tank  
  34  3:36  Liberator  
  34  3:38  Marine x2  
  34  3:40  SCV  
  40  3:42  SCV  
  41  3:52  SCV  
  41  3:54  SCV  
  46  3:59  Marine x2  
  48  4:15  SCV  
  48  4:16  SCV  
  50  4:21  Supply Depot  
  50  4:25  Command Center  
  50  4:27  Siege Tank  
  50  4:31  Marine  
  54  4:37  Starport Reactor  
  54  4:39  Marine  
  54  4:42  SCV x2  
  54  4:44  Engineering Bay  
  56  4:50  Supply Depot  
  56  4:57  SCV  
  56  5:16  Barracks  
  56  5:17  Marauder  
  56  5:18  Viking x2, Stimpack  
  56  5:19  Barracks  
  57  5:35  Factory Reactor  
  52  5:38  Marine  
  52  5:39  Orbital Command  
  52  5:56  Marine  
  50  6:04  Marine  
  50  6:11  Marine x2  
  51  6:13  Marine  
  51  6:18  SCV  
  48  6:28  SCV  
  48  6:29  SCV  
  48  6:30  SCV, Marine x2  
  48  6:31  Marine  
  48  6:32  Marauder, Marine  
  57  6:40  SCV  
  57  6:41  SCV  
  57  6:43  Barracks  
  57  6:45  Barracks  
  59  6:48  Marine  
  60  6:54  SCV x3  
  60  6:56  Refinery  
  60  6:58  Refinery  
  63  7:08  Marine x2  
  63  7:14  Supply Depot x2  
  61  7:17  SCV  
  58  7:26  Combat Shields, Marauder, Marine  
  58  7:27  Orbital Command  
  59  7:30  SCV x2  
  59  7:33  Barracks Tech Lab x2  
  61  7:40  Marine x2  
  63  7:50  SCV x2  
  65  7:53  Marine  
  65  7:54  Marauder  
  65  7:55  Supply Depot  
  65  7:57  SCV  
  69  8:01  Marine x2  
  69  8:02  SCV, Marauder x2  
  76  8:09  Medivac  
  71  8:15  Marine x2  
  71  8:19  Marine  
  64  8:25  Marine  
  55  8:32  Marine x3  
  55  8:33  Medivac, Marine  
  45  8:34  Marine  
  45  8:39  Marine  
  42  8:44  Marine  
  36  8:50  Marauder, Marine x2  
  36  8:51  Marine  
  36  8:52  Marine  
  36  8:53  Orbital Command  
  42  8:56  Medivac  
  42  8:59  Marine  
  42  9:02  Marine  
  45  9:08  Marauder  
  47  9:17  Marine  
  47  9:20  SCV, Marine  
  47  9:23  SCV x2  
  52  9:24  Medivac  
  54  9:36  Marine x3  
  54  9:37  Marauder  
  57  9:43  Widow Mine  
  58  9:52  Marine x2  
  56  9:54  Marine x2  
  56  9:55  Marine  
  51  10:06  Marine  
  44  10:15  Marine x3  
  44  10:16  Marine x3  
Show
View Real Time Build Order
Export as new Build Order

LiquidMaNa Protoss - Winner!

Build Orders: 1 Gate Expand 

Get SALT Encoding   

  12  0:00  Probe (Chrono Boost)  
  13  0:11  Probe (Chrono Boost)  
  14  0:17  Pylon  
  14  0:22  Probe (Chrono Boost)  
  16  0:35  Probe (Chrono Boost)  
  16  0:36  Gateway  
  16  0:46  Probe (Chrono Boost)  
  17  1:06  Nexus  
  17  1:09  Probe (Chrono Boost)  
  18  1:14  Assimilator  
  18  1:26  Cybernetics Core  
  18  1:28  Probe (Chrono Boost)  
  18  1:32  Assimilator  
  19  1:38  Probe (Chrono Boost)  
  20  1:43  Pylon  
  20  1:49  Probe (Chrono Boost)  
  21  1:59  Probe (Chrono Boost)  
  22  2:04  Warp Gate  
  22  2:06  Stalker (Chrono Boost)  
  24  2:10  Probe  
  25  2:17  Probe  
  25  2:22  Probe (Chrono Boost)  
  28  2:31  Mothership Core (Chrono Boost)  
  28  2:34  Probe (Chrono Boost)  
  28  2:35  Adept  
  31  2:45  Probe (Chrono Boost)  
  32  2:52  Robotics Facility  
  32  2:55  Probe (Chrono Boost)  
  33  2:59  Probe (Chrono Boost)  
  33  3:03  Adept  
  36  3:06  Probe (Chrono Boost)  
  36  3:09  Probe (Chrono Boost)  
  38  3:17  Probe (Chrono Boost)  
  38  3:18  Pylon  
  39  3:20  Probe (Chrono Boost)  
  40  3:28  Probe (Chrono Boost)  
  40  3:32  Probe (Chrono Boost)  
  42  3:36  Twilight Council, Adept  
  42  3:38  Probe (Chrono Boost)  
  46  3:41  Observer (Chrono Boost)  
  46  3:46  Probe  
  47  3:50  Probe  
  48  3:56  Pylon  
  48  3:58  Probe (Chrono Boost)  
  48  4:01  Warp Prism (Chrono Boost)  
  48  4:02  Probe (Chrono Boost)  
  53  4:10  Probe (Chrono Boost)  
  53  4:12  Probe (Chrono Boost)  
  53  4:14  Resonating Glaives (Chrono Boost)  
  54  4:26  Gateway  
  54  4:27  Gateway  
  54  4:28  Gateway  
  54  4:30  Probe  
  54  4:32  Probe  
  56  4:41  Probe  
  56  4:44  Probe  
  58  4:48  Pylon  
  58  4:50  Observer, Assimilator  
  58  4:52  Assimilator  
  59  4:57  Pylon  
  56  5:09  Probe  
  56  5:13  Probe, Adept  
  57  5:27  Adept x3  
  57  5:37  Stalker  
  57  5:38  Probe  
  57  5:39  Probe  
  57  5:49  Blink (Chrono Boost)  
  51  5:52  Warp Prism  
  51  5:53  Probe  
  51  5:54  Probe  
  49  5:57  Stalker x3  
  49  6:04  Probe  
  55  6:07  Probe  
  57  6:14  Probe  
  57  6:18  Adept  
  60  6:19  Probe  
  60  6:24  Adept x3  
  65  6:35  Probe x2  
  65  6:37  Immortal (Chrono Boost)  
  71  6:47  Probe  
  71  6:49  Sentry  
  71  6:50  Probe  
  71  6:51  Nexus  
  71  6:53  Adept  
  77  6:59  Probe  
  78  7:21  Probe x2, Pylon  
  78  7:22  Pylon  
  78  7:23  Pylon  
  78  7:27  Pylon  
  78  7:33  Probe  
  75  7:40  Immortal (Chrono Boost), Adept x4  
  75  7:44  Pylon  
  87  7:45  Pylon  
  87  7:58  Gateway  
  87  8:00  Gateway  
  87  8:02  Stalker  
  87  8:03  Adept x3  
  89  8:24  Adept x3  
  89  8:28  Probe x2  
  89  8:31  Probe  
  88  8:40  Probe  
  83  8:42  Immortal (Chrono Boost)  
  83  8:47  Adept x4  
  91  8:52  Probe  
  92  9:09  Adept x3  
  98  9:10  Adept  
  98  9:16  Warp Prism (Chrono Boost)  
  101  9:21  Dark Shrine  
  101  9:31  Adept x6  
  113  9:41  Probe  
  114  9:53  Stalker x4  
  114  9:54  Stalker  
  118  10:01  Probe x2  
  112  10:10  Immortal (Chrono Boost)  
  114  10:17  Adept x6  
Tags
 
Add a new tag
Caveats
  • Supply blocks, unpowered buildings, or Contaminate may cause inaccurate times.
  • Supply counts are checked every 10 seconds.